 Dungeon Crawl Stone Soup version 0.30-a0-55-g90e3122c3a (webtiles) character file.

Game seed: 3189636823661246687

52641 Newt the Dealer of Despair (level 14, -4/110 HPs)
             Began as a Demonspawn Gladiator on Sept 9, 2022.
             Was an Elder of Kikubaaqudgha.
             Slain by an eight-headed hydra (13 damage)
             ... on level 2 of the Swamp.
             The game lasted 00:38:43 (23065 turns).

Newt the Dealer of Despair (Demonspawn Gladiator)  Turns: 23065, Time: 00:38:45

Health: -4/110     AC: 13    Str: 21    XL:     14   Next: 27%
Magic:  4/8        EV: 23    Int: 12    God:    Kikubaaqudgha [****..]
Gold:   1244       SH: 10    Dex: 28    Spells: 21/29 levels left

rFire   . . .      SeeInvis .    b - +12 morningstar of the Forgotten Beds {antimagic, Dex+7 Stlth+}
rCold   . . .      Faith    .    o - +0 buckler
rNeg    . . .      Spirit   .    X - +4 troll leather armour
rPois   .          Reflect  +    c - +1 helmet
rElec   .          Harm     .    (cloak unavailable)
rCorr   .          Rampage  .    (no gloves)
Will    +....                    P - +0 pair of boots
Stlth   ++++......               S - amulet of reflection
HPRegen 1.08/turn                Z - +4 ring of evasion
MPRegen 0.11/turn                T - +4 ring of slaying

@: animating dead, very slow
A: thin skeletal structure 3, foul stench 2, spiny 2, weakness stinger 3, clever
1, strong 1, MP-powered wands
a: Renounce Religion, Unearth Wretches


You were on level 2 of the Swamp.
You worshipped Kikubaaqudgha.
Kikubaaqudgha was greatly pleased with you.
You visited 3 branches of the dungeon, and saw 18 of its levels.
You also visited: Ossuary and Gauntlet.

You collected 1244 gold pieces.

Inventory:

Hand Weapons
 a - a +1 rapier
 b - the +12 morningstar of the Forgotten Beds (weapon) {antimagic, Dex+7 Stlth+}
   (You found it in a Gauntlet)

   It reduces the magical energy of the wielder, and disrupts the spells and
   magical abilities of those it strikes.
   Natural abilities and divine invocations are not affected.
   Dex:       It affects your dexterity (+7).
   Stlth:     It makes you more stealthy.
 v - a +3 lajatang of venom
 V - a +1 lajatang of electrocution
Missiles
 d - 4 throwing nets
 e - 9 javelins
 A - 4 atropa-tipped darts
 E - 3 boomerangs
 G - 5 curare-tipped darts
 H - 36 poisoned darts (quivered)
Armour
 c - a +1 helmet (worn)
 o - a +0 buckler (worn)
 t - a +1 chain mail of poison resistance
 L - a +1 ring mail of fire resistance
 N - +2 swamp dragon scales
 P - a +0 pair of boots (worn)
 X - a +4 troll leather armour (worn)
Jewellery
 r - a ring of positive energy
 s - a ring of resist corrosion
 R - a ring of see invisible
 S - an amulet of reflection (around neck)
 T - a +4 ring of slaying (right hand)
 Z - a +4 ring of evasion (left hand)
Wands
 J - a wand of roots (27)
 K - a wand of mindburst (13)
 M - a wand of digging (13)
 Q - a wand of paralysis (25)
 U - a wand of flame (24)
Scrolls
 f - a scroll of enchant weapon
 g - 10 scrolls of teleportation
 i - 4 scrolls of fear
 j - 3 scrolls of enchant armour
 l - 5 scrolls of identify
 w - 5 scrolls of amnesia
 z - 2 scrolls of blinking
 B - 2 scrolls of magic mapping
 W - a scroll of summoning
Potions
 h - 5 potions of invisibility
 k - 4 potions of magic
 m - 7 potions of flight
 n - 2 potions of haste
 p - 7 potions of curing
 q - a potion of might
 u - a potion of resistance
 D - a potion of cancellation
 F - 4 potions of ambrosia
 O - 3 potions of lignification


   Skills:
 - Level 10.0 Fighting
 - Level 3.4 Short Blades
 - Level 7.8(10.0) Maces & Flails
 - Level 9.6(10.8) Staves
 - Level 1.7 Throwing
 + Level 8.5 Armour
 - Level 8.0 Dodging
 - Level 2.0 Stealth
 - Level 8.0 Spellcasting
 - Level 10.0 Necromancy
 - Level 8.0 Evocations


You had 21 spell levels left.
You knew the following spells:

 Your Spells              Type           Power      Damage    Failure   Level
a - Animate Dead          Necr           28%        N/A       3%          4
b - Dispel Undead         Necr           28%        3d13      3%          4

Your spell library contained the following spells:

 Spells                   Type           Power      Damage    Failure   Level
 Necrotise                Necr           100%       1d9       1%          1
 Sublimation of Blood     Necr           28%        N/A       1%          2
 Vampiric Draining        Necr           28%        2d8       1%          3
 Agony                    Necr           28%        N/A       11%         5
 Freeze                   Ice            16%        1d4       22%         1
 Magic Dart               Conj           16%        1d3       22%         1
 Summon Small Mammal      Summ           16%        N/A       22%         1
 Anguish                  Hex/Necr       8%         N/A       28%         4
 Searing Ray              Conj           8%         2d4       34%         2
 Static Discharge         Conj/Air       8%         3-4/arc   34%         2
 Wereblood                Tmut           4%         N/A       34%         2
 Death Channel            Necr           14%        N/A       50%         6
 Call Canine Familiar     Summ           4%         N/A       56%         3
 Frozen Ramparts          Ice            8%         1d2       56%         3
 Gell's Gravitas          Tloc           4%         N/A       56%         3
 Inner Flame              Hex/Fire       4%         N/A       56%         3
 Lesser Beckoning         Tloc           4%         N/A       56%         3
 Portal Projectile        Hex/Tloc       8%         N/A       56%         3
 Summon Guardian Golem    Hex/Summ       4%         N/A       56%         3
 Teleport Other           Tloc           4%         N/A       56%         3
 Borgnjor's Vile Clutch   Necr/Erth      8%         N/A       63%         5
 Animate Armour           Summ/Erth      8%         N/A       92%         4
 Cause Fear               Hex            2%         N/A       92%         4
 Fulminant Prism          Conj/Hex       2%         3d6       92%         4
 Hailstorm                Conj/Ice       4%         3d4       92%         4
 Leda's Liquefaction      Hex/Erth       2%         N/A       92%         4
 Petrify                  Tmut/Erth      4%         N/A       92%         4
 Summon Ice Beast         Ice/Summ       4%         N/A       92%         4
 Blade Hands              Tmut           2%         N/A       99%         5
 Irradiate                Conj/Tmut      2%         3d12      99%         5
 Lightning Bolt           Conj/Air       2%         1d13      99%         5
 Summon Forest            Summ/Tloc      2%         N/A       99%         5
 Summon Mana Viper        Hex/Summ       4%         N/A       99%         5
 Simulacrum               Ice/Necr       8%         N/A       99%         6
 Conjure Ball Lightning   Conj/Air       2%         3x3d6     100%        6
 Iron Shot                Conj/Erth      2%         9d2       100%        6
 Summon Cactus Giant      Summ           2%         N/A       100%        6
 Dragon Form              Tmut           2%         N/A       100%        7
 Monstrous Menagerie      Summ           2%         N/A       100%        7
 Summon Hydra             Summ           2%         N/A       100%        7
 Discord                  Hex            2%         N/A       100%        8
 Disjunction              Tloc           2%         N/A       100%        8
 Maxwell's Capacitive Co  Air            2%         ∞         100%        8
 Dragon's Call            Summ           2%         N/A       100%        9


Dungeon Overview and Level Annotations

Branches:
Dungeon (11/15)            Temple (0/1) D:7            Lair (5/5) D:11
  Swamp (2/4) Lair:3       Spider (0/4) Lair:2        Slime (0/5) Lair:4
    Orc (0/2) D:11        Ossuary (visited)         Gauntlet (visited)

Altars:
Cheibriados
Fedhas
Gozag
Hepliaklqana
Kikubaaqudgha
Uskayaw
Vehumet
Xom
Yredelemnul
Jiyva

Shops:
D:4 (


Innate Abilities, Weirdness & Mutations

You have an unnaturally thin skeletal structure. (Dex +6, Stealth+++)
You sometimes emit foul miasma when damaged in melee.
You are mostly covered in sharp spines.
You have a sharp stinger which inflicts weakening toxins.
Your mind is acute. (Int +4, Str/Dex -1)
Your muscles are strong. (Str +4, Int/Dex -1)
You expend magic power (3 MP) to strengthen your wands.


Message History

Kikubaaqudgha accepts your kill.
You hear a splash. x2
The goliath frog misses you.
Casting: Animate Dead (mildly dangerous; 3% risk of failure)
Confirm with . or Enter, or press ? or * to list all spells.
You call upon the dead to rise.
You block the goliath frog's attack.
A swamp drake comes into view.
The goliath frog barely misses you.
Unknown command.
You block the goliath frog's attack.
Your unstable footing causes you to fumble your attack.
The goliath frog completely misses you.
You block the eight-headed hydra's attack.
The eight-headed hydra bites you. The eight-headed hydra misses you.
The eight-headed hydra barely misses you.
The eight-headed hydra bites you! x2; The eight-headed hydra bites you!!
The eight-headed hydra closely misses you.
The goliath frog is struck by your spines.
The goliath frog hits you!!
You are splashed with acid!
* * * LOW HITPOINT WARNING * * *
The eight-headed hydra attacks as you move away!
The eight-headed hydra bites you but does no damage.
You block the eight-headed hydra's attack. x3
The eight-headed hydra bites you but does no damage.
You block the eight-headed hydra's attack.
The eight-headed hydra closely misses you.
The eight-headed hydra bites you!
* * * LOW HITPOINT WARNING * * *
An alligator comes into view.
The goliath frog misses you.
The eight-headed hydra is struck by your spines.
The eight-headed hydra closely misses you.
The eight-headed hydra completely misses you.
The eight-headed hydra misses you.
You block the eight-headed hydra's attack.
The eight-headed hydra closely misses you.
The eight-headed hydra bites you but does no damage.
The eight-headed hydra bites you!
You die...
Kikubaaqudgha rasps: "You have failed me!
Welcome... death!"

♣♣.~.~♣ ♣w~k~.♣
♣.~~~.♣ ♣♣..~♣♣♣
♣♣~i♣♣♣♣♣♣♣
♣~~~♣♣♣♣~>♣♣
♣♣..♣♣.~~~.♣♣
♣♣.t♣.<~~~~.♣♣
♣~~~.~~@~~~.~♣
♣.~~.~~FD~)(.♣
♣~.)..~~~§§~((♣
♣♣♣♣♣♣...~~~...~♣
♣♣.~~~~~~~~♣
♣♣k~~~~~~..
♣.§§~~~~~~
♣~..~~~~~~
♣.~~~~~~~~


You could see an alligator, an eight-headed hydra (strong), a goliath frog
(strong) and a swamp drake.

Vanquished Creatures
  A minotaur (Gauntlet)
  A boulder beetle (D:11)
  Harold (D:10)
  2 hydras
  A ghost crab (Swamp:1)
  A centaur warrior (Gauntlet)
  Erica (Lair:2)
  5 death yaks (Lair:2)
  2 alligators
  4 spriggans
  A wretched star (Gauntlet)
  A sea snake (Lair:5)
  A spriggan druid (Swamp:2)
  A bog body (Swamp:2)
  2 harpies
  An ugly thing (D:11)
  A wolf spider (Lair:2)
  A will-o-the-wisp (Swamp:1)
  A cyclops (D:11)
  A manticore (Lair:5)
  5 black mambas
  An apocalypse crab (Gauntlet)
  16 elephants (Lair:5)
  A molten gargoyle (Lair:3)
  An eye of devastation (Lair:4)
  10 cane toads
  Maggie (D:6)
  An unseen horror (D:11)
  4 kobold demonologists
  A komodo dragon (Lair:1)
  3 trolls
  A polar bear (Lair:5)
  2 tyrant leeches
  2 wind drakes (Lair:5)
  22 blink frogs
  4 hornets
  Prince Ribbit (D:5)
  A snapping turtle (Lair:5)
  A vampire (D:11)
  A wraith (Ossuary)
  2 shadows
  4 wyverns
  2 fire bats (Lair:3)
  A neqoxec (Gauntlet)
  3 basilisks
  7 vampire mosquitoes
  11 yaks
  Grum (D:11)
  3 steam dragons
  A redback (Lair:2)
  5 swamp worms (Swamp:1)
  Edmund (D:6)
  An acid dragon (D:10)
  9 water moccasins
  Duvessa (D:7)
  Pargi (D:3)
  8 centaurs
  11 wolves
  4 kobold brigands
  6 bullfrogs
  A gnoll sergeant (D:8)
  3 scorpions
  11 wights
  Dowan (D:7)
  5 killer bees (D:7)
  The ghost of drugrobin the Sneak, a weakling DgDe (D:4)
  9 electric eels
  4 howler monkeys
  A lava snake (Lair:3)
  7 hounds
  2 jellies
  An orc priest (D:8)
  2 iguanas
  6 orc wizards
  3 mummies (Ossuary)
  10 adders
  3 gnolls (D:8)
  2 river rats (D:3)
  2 shadow imps
  A white imp (D:6)
  4 worms
  4 dart slugs
  22 orcs
  9 ball pythons
  11 endoplasms
  4 giant cockroaches
  9 goblins
  5 hobgoblins
  4 jackals (D:1)
  5 quokkas
  4 bats
  A frilled lizard (D:1)
  3 goblin zombies (Ossuary)
  3 hobgoblin zombies (Ossuary)
  21 kobolds
  2 kobold zombies (Ossuary)
  12 rats
389 creatures vanquished.

Vanquished Creatures (collateral kills)
  An eleionoma (Swamp:1)
  A merfolk avatar (Lair:5)
  3 death yaks (Lair:2)
  A swamp dragon (Swamp:1)
  A manticore (Lair:5)
  7 elephants (Lair:5)
  A cane toad (Lair:5)
  2 komodo dragons (Lair:5)
  2 polar bears (Lair:5)
  A blink frog (Lair:5)
  3 yaks
  A culicivora (Lair:2)
  A wyvern (Lair:3)
  A basilisk (Lair:5)
  A steam dragon (Lair:5)
  2 swamp worms (Swamp:1)
  A water moccasin (Lair:5)
  An acid dragon (D:10)
  A floating eye (Lair:4)
  A swamp drake (Swamp:1)
  3 wolves
36 creatures vanquished.

Vanquished Creatures (others)
  A spriggan (Swamp:1)
  A goliath frog (Swamp:2)
  A death yak zombie (Lair:2)
  A hydra zombie (Swamp:1)
  A redback zombie (Gauntlet)
  A harpy zombie (Gauntlet)
  A bloated husk (Swamp:1)
  A hornet (Swamp:1)
  A redback (Gauntlet)
  A water moccasin (Lair:2)
  A cane toad zombie (Lair:3)
  A swamp dragon zombie (Swamp:1)
  4 elephant zombies (Lair:5)
  2 blink frog zombies (Lair:5)
  A bullfrog (Lair:3)
  A wolf zombie (Lair:2)
  A steam dragon zombie (Lair:2)
  2 kobold zombies
  4 foxfires (Swamp:1)
  21 fungi
  47 plants
95 creatures vanquished.

Grand Total: 520 creatures vanquished

Notes
Turn   | Place    | Note
-------+----------+-------------------------------------------
     0 | D:1      | Newt the Demonspawn Gladiator began the quest for the Orb.
     0 | D:1      | Reached XP level 1. HP: 16/16 MP: 1/1
   112 | D:1      | Reached skill level 1 in Stealth
   182 | D:1      | Gained mutation: You may rarely emit foul miasma when
                  | damaged in melee. [demonic ancestry]
   182 | D:1      | Reached XP level 2. HP: 22/22 MP: 2/2
  1162 | D:1      | Reached XP level 3. HP: 28/28 MP: 3/3
  2000 | D:2      | Found a faded altar of an unknown god.
  2376 | D:2      | Reached XP level 4. HP: 32/37 MP: 4/4
  2581 | D:3      | Found a hazy altar of Hepliaklqana.
  3873 | D:3      | Gained mutation: You have a small tail. [demonic ancestry]
  3873 | D:3      | Reached XP level 5. HP: 42/42 MP: 5/5
  3881 | D:3      | Reached skill level 1 in Staves
  3934 | D:3      | Found a shimmering altar of Xom.
  4074 | D:3      | Noticed Pargi
  4085 | D:3      | Killed Pargi
  4086 | D:3      | Gained mutation: You have a tail ending in a sharp stinger.
                  | [demonic ancestry]
  4086 | D:3      | Reached XP level 6. HP: 24/48 MP: 6/6
  4517 | D:4      | Found a large runed translucent door.
  4517 | D:4      | Found a large runed translucent door.
  4737 | D:4      | Found Zaemecem's Weapon Shoppe.
  4850 | D:4      | Noticed drugrobin's ghost (weakling DgDe)
  4901 | D:4      | Found a sand-covered staircase.
  4907 | Ossuary  | Entered an ossuary
  4907 | Ossuary  | Noticed a wraith
  4907 | Ossuary  | Noticed a wraith
  4907 | Ossuary  | Noticed a wraith
  5161 | Ossuary  | Noticed a wraith
  5170 | Ossuary  | Killed a wraith
  5171 | Ossuary  | Gained mutation: You have a somewhat thin skeletal
                  | structure. (Dex +2, Stealth+) [demonic ancestry]
  5171 | Ossuary  | Reached XP level 7. HP: 40/54 MP: 7/7
  6001 | D:4      | Killed drugrobin's ghost
  6002 | D:4      | Reached skill level 5 in Staves
  6140 | D:5      | Entered Level 5 of the Dungeon
  6396 | D:5      | Noticed Prince Ribbit
  6409 | D:5      | Killed Prince Ribbit
  7020 | D:5      | Found a blossoming altar of Fedhas.
  7041 | D:5      | Gained mutation: You have a moderately thin skeletal
                  | structure. (Dex +4, Stealth++) [demonic ancestry]
  7041 | D:5      | Reached XP level 8. HP: 59/60 MP: 8/8
  7856 | D:6      | Found a snail-covered altar of Cheibriados.
  7994 | D:6      | Noticed Edmund
  8004 | D:6      | Killed Edmund
  8066 | D:6      | Noticed Maggie
  8077 | D:6      | Killed Maggie
  8078 | D:6      | Reached skill level 5 in Fighting
  8078 | D:6      | Found an ancient bone altar of Kikubaaqudgha.
  8351 | D:6      | Became a worshipper of Kikubaaqudgha
  8647 | D:7      | Reached skill level 1 in Spellcasting
  8674 | D:7      | Gained mutation: You have an unnaturally thin skeletal
                  | structure. (Dex +6, Stealth+++) [demonic ancestry]
  8674 | D:7      | Reached XP level 9. HP: 33/69 MP: 10/12
  8952 | D:7      | Found a radiant altar of Vehumet.
  9031 | D:7      | Noticed Dowan
  9034 | D:7      | Noticed Duvessa
  9037 | D:7      | Killed Duvessa
  9042 | D:7      | Killed Dowan
  9205 | D:7      | Found a basalt altar of Yredelemnul.
  9300 | D:7      | Found a staircase to the Ecumenical Temple.
  9305 | D:7      | Reached * piety under Kikubaaqudgha
  9305 | D:7      | Received a gift from Kikubaaqudgha
  9549 | D:7      | Reached skill level 1 in Necromancy
 10234 | D:8      | Gained mutation: Your body sometimes deteriorates upon
                  | taking damage. [potion of mutation]
 10234 | D:8      | Gained mutation: Your body often deteriorates upon taking
                  | damage. [potion of mutation]
 10234 | D:8      | Lost mutation: Your body often deteriorates upon taking
                  | damage. [potion of mutation]
 10234 | D:8      | Gained mutation: You are partially covered in large bone
                  | plates. (SH +4) [potion of mutation]
 10235 | D:8      | Lost mutation: Your body sometimes deteriorates upon taking
                  | damage. [potion of mutation]
 10235 | D:8      | Lost mutation: You are partially covered in large bone
                  | plates. (SH +4) [potion of mutation]
 10235 | D:8      | Gained mutation: You sometimes lose your temper in combat.
                  | [potion of mutation]
 10235 | D:8      | Gained mutation: You are frail. (-10% HP) [potion of
                  | mutation]
 10916 | D:8      | Reached skill level 5 in Necromancy
 10922 | D:8      | Learned a level 4 spell: Animate Dead
 11331 | D:9      | Noticed a troll
 11343 | D:9      | Killed a troll
 11344 | D:9      | Gained mutation: You are partially covered in sharp spines.
                  | [demonic ancestry]
 11344 | D:9      | Reached XP level 10. HP: 25/68 MP: 16/16
 11897 | D:9      | Reached ** piety under Kikubaaqudgha
 12189 | D:9      | Found a hazy altar of Hepliaklqana.
 12279 | D:10     | Entered Level 10 of the Dungeon
 12292 | D:10     | Reached skill level 5 in Spellcasting
 12829 | D:10     | Noticed Harold
 12845 | D:10     | Noticed a rust devil
 13090 | D:10     | Found an opulent altar of Gozag.
 13221 | D:10     | Killed Harold
 13424 | D:10     | Found a hide-covered altar of Uskayaw.
 13851 | D:11     | Gained mutation: You are mostly covered in sharp spines.
                  | [demonic ancestry]
 13851 | D:11     | Reached XP level 11. HP: 72/72 MP: 23/23
 13901 | D:11     | Found a staircase to the Orcish Mines.
 14185 | D:11     | Noticed a brown ugly thing
 14195 | D:11     | Killed a brown ugly thing
 14196 | D:11     | Reached skill level 10 in Necromancy
 14378 | D:11     | Noticed Grum
 14383 | D:11     | Noticed a boulder beetle
 14402 | D:11     | Killed a boulder beetle
 14406 | D:11     | Killed Grum
 14718 | D:11     | Found a staircase to the Lair.
 14728 | Lair:1   | Entered Level 1 of the Lair of Beasts
 14733 | Lair:1   | Found a gate leading to a gauntlet.
 14742 | Gauntlet | Entered a Gauntlet
 14742 | Gauntlet | Found a transporter.
 14744 | Gauntlet | Noticed a catoblepas
 14745 | Gauntlet | Found a transporter.
 14746 | Gauntlet | Found a transporter.
 14746 | Gauntlet | Noticed a wretched star
 14748 | Gauntlet | Found a transporter.
 14750 | Gauntlet | Found a transporter.
 14751 | Gauntlet | Found a transporter.
 14753 | Gauntlet | Noticed a wolf spider
 14759 | Gauntlet | Found a transporter.
 14759 | Gauntlet | Found the macabre finger necklace {rN+}
 14767 | Gauntlet | Found a transporter.
 14826 | Gauntlet | Found a transporter.
 14842 | Gauntlet | Found a transporter.
 14846 | Gauntlet | Found a transporter.
 14866 | Gauntlet | Found a transporter.
 14868 | Gauntlet | Noticed an obsidian statue
 15074 | Gauntlet | Killed a wretched star
 15079 | Gauntlet | Identified the ring of Happiness {+Blink MP+9}
 15089 | Gauntlet | Identified the +12 morningstar of the Forgotten Beds
                  | {antimagic, Dex+7 Stlth+}
 15118 | Gauntlet | Reached skill level 1 in Maces & Flails
 15143 | Gauntlet | Noticed a minotaur
 15155 | Gauntlet | Killed a minotaur
 15544 | Lair:1   | Reached skill level 5 in Maces & Flails
 15812 | Lair:2   | Noticed a death yak
 15812 | Lair:2   | Noticed a death yak
 15812 | Lair:2   | Noticed a death yak
 15815 | Lair:2   | Noticed a death yak
 15823 | Lair:2   | Reached *** piety under Kikubaaqudgha
 15823 | Lair:2   | Received a gift from Kikubaaqudgha
 15823 | Lair:2   | Noticed a death yak
 15828 | Lair:2   | Killed a death yak
 15829 | Lair:2   | Reached XP level 12. HP: 79/79 MP: 4/24
 15833 | Lair:2   | Killed a death yak
 15836 | Lair:2   | Killed a death yak
 15839 | Lair:2   | Killed a death yak
 15841 | Lair:2   | Killed a death yak
 16003 | Lair:2   | Found a hole to the Spider Nest.
 16121 | Lair:2   | Noticed Erica
 16125 | Lair:2   | Killed Erica
 16300 | Lair:2   | Lost mutation: You sometimes lose your temper in combat.
                  | [potion of mutation]
 16300 | Lair:2   | Lost mutation: You are frail. (-10% HP) [potion of
                  | mutation]
 16300 | Lair:2   | Gained mutation: Your muscles are strong. (Str +4, Int/Dex
                  | -1) [potion of mutation]
 16300 | Lair:2   | Gained mutation: You expend magic power (3 MP) to
                  | strengthen your wands. [potion of mutation]
 16300 | Lair:2   | Gained mutation: Your mind is acute. (Int +4, Str/Dex -1)
                  | [potion of mutation]
 16441 | Lair:2   | Noticed a death yak
 16444 | Lair:2   | Noticed a death yak
 16445 | Lair:2   | Noticed a death yak
 16457 | Lair:2   | Killed a death yak
 16459 | Lair:2   | Killed a death yak
 16462 | Lair:2   | Killed a death yak
 17050 | Lair:3   | Reached skill level 10 in Fighting
 17202 | Lair:3   | Found the amulet of the Air {Inacc Air Fly rElec RMsl}
 17260 | Lair:3   | Reached skill level 5 in Dodging
 17288 | Lair:3   | Found a staircase to the Swamp.
 17537 | Lair:3   | You fall into a shaft and drop 1 floor!
 17686 | Lair:4   | Found a viscous altar of Jiyva.
 17691 | Lair:4   | Paralysed by a floating eye for 3 turns
 17699 | Lair:4   | Found a staircase to the Slime Pits.
 17707 | Lair:4   | Gained mutation: You have a sharp stinger which inflicts
                  | weakening toxins. [demonic ancestry]
 17707 | Lair:4   | Reached XP level 13. HP: 103/103 MP: 5/25
 17764 | Lair:4   | Reached **** piety under Kikubaaqudgha
 18482 | Lair:5   | Entered Level 5 of the Lair of Beasts
 18763 | Lair:5   | Reached skill level 5 in Evocations
 18994 | Lair:5   | Reached skill level 1 in Armour
 19403 | Lair:5   | Reached ***** piety under Kikubaaqudgha
 19407 | Lair:5   | Reached skill level 5 in Armour
 19811 | Lair:5   | Gained mutation: You sometimes emit foul miasma when
                  | damaged in melee. [demonic ancestry]
 19811 | Lair:5   | Reached XP level 14. HP: 33/110 MP: 8/26
 20916 | Swamp:1  | Entered Level 1 of the Swamp
 21761 | Swamp:1  | Learned a level 4 spell: Dispel Undead
 23065 | Swamp:2  | Slain by an eight-headed hydra

Illustrated notes

Levels and vault maps discovered:
D:1:      sevenhm_arrival_forest_fort_large_4, layout_basic
D:2:      layout_basic, ebering_ecumenical_altar_mist, chequers_jeans
D:3:      layout_loops_ring, mainiacjoe_overflow_boulevard,
          nzn_hepliaklqana_mist_gate, lightli_sewer_entry_pipes, uniq_pargi
D:4:      layout_cave_pools, ebering_ghost_disaster_area,
          nicolae_ossuary_entry_plus, serial_shops, nicolae_stop_n_shop_1,
          moated_statue
D:5:      layout_basic, fedhas_bush_and_centaur_altar, uniq_prince_ribbit1
D:6:      layout_loops_ring, mainiacjoe_overflow_chevrons,
          mainiacjoe_overflow_alcove_1, serial_glass, glass_columns_a,
          glass_columns_a, glass_columns_a, glass_columns_a, glass_columns_a,
          glass_columns_b, uniq_maggie, uniq_edmund
D:7:      layout_loops_ring, nicolae_vehumet_radiance,
          mainiacjoe_overflow_tiny_flanked, minmay_temple_entry_offerings,
          serial_glass, glass_columns_a, glass_columns_a, uniq_duvessa
D:8:      layout_basic
D:9:      layout_rooms, minmay_ruined_shrine
D:10:     nicolae_cairo_tiling_large_dashed, layout_long_grid,
          grunt_gozag_statues, nicolae_uskayaw_murder_on_the_dancefloor,
          uniq_harold
D:11:     layout_basic, lair_entry_dummy, orc_0_dummy, uniq_grum
Lair:1:   layout_misc_corridors, gauntlet_entry_generic, grunt_megastairs_5,
          serial_bayou_shore_b
Lair:2:   layout_chaotic_city, spider_nest_entry_funnel_web,
          chequers_serial_rivers_small_b, serial_bayou_shore_a,
          grunt_megastairs_1, uniq_erica
Lair:3:   layout_chaotic_city, minmay_swamp_entry_eels
Lair:4:   layout_cave_pods, minmay_slime_entry_eyes
Lair:5:   gammafunk_lair_ancient_temple, layout_long_grid
Swamp:1:  layout_basic_swamp, nicolae_swamp_ascending_descending_big,
          swamp_pool4
Swamp:2:  layout_basic_swamp, evilmike_swamp_ruin_house_6, swamp_pool5

Skill      XL: |  1  2  3  4  5  6  7  8  9 10 11 12 13 14 |
---------------+-------------------------------------------+-----
Stealth        | 1 2 |  2.0
Fighting       | 3 4 6 10 | 10.0
Short Blades   | 3 |  3.4
Staves         | 3 4 6 8 9 |  9.6
Dodging        | 4 6 8 |  8.0
Spellcasting   | 2 4 8 |  8.0
Evocations     | 4 8 |  8.0
Necromancy     | 6 8 10 | 10.0
Maces & Flails | 6 7 |  7.8
Armour         | 6 8 |  8.5
Throwing       | |  1.7

Action                   |  1- 3 |  4- 6 |  7- 9 | 10-12 | 13-15 || total
-------------------------+-------+-------+-------+-------+-------++-------
Melee: Rapier            |   163 |    86 |       |       |       ||   249
       Punch             |     4 |     2 |       |     1 |     2 ||     9
       Lajatang          |       |   105 |   297 |   170 |       ||   572
       Tailslap          |       |    11 |    49 |    65 |    39 ||   164
       Morningstar       |       |       |       |   151 |   244 ||   395
Throw: Javelin           |     1 |     4 |       |     1 |       ||     6
       Throwing net      |       |     4 |     4 |     2 |       ||    10
       Dart              |       |       |     4 |    10 |    11 ||    25
 Cast: Animate Dead      |       |       |       |     9 |     5 ||    14
Invok: Unearth Wretches  |       |       |       |     2 |     2 ||     4
Evoke: Wand              |       |       |     1 |     2 |     5 ||     8
  Use: Scroll            |     7 |     5 |    12 |    10 |     2 ||    36
       Potion            |       |     2 |     6 |     5 |     5 ||    18
 Stab: Sleeping          |     6 |     3 |    22 |    10 |     8 ||    49
       Held in net/web   |       |     3 |       |     4 |       ||     7
       Paralysed         |       |       |       |     4 |     2 ||     6
       Distracted        |       |       |       |     1 |     4 ||     5
Armor: Leather armour    |    46 |    41 |    24 |       |       ||   111
       Swamp dragon scal |       |       |    62 |    18 |       ||    80
       Troll leather arm |       |       |       |    56 |    78 ||   134
Dodge: Dodged            |   102 |   153 |   248 |   257 |   305 ||  1065
Block: Other             |       |       |       |    92 |    73 ||   165
       Reflection        |       |       |       |     6 |     2 ||     8
       Buckler           |       |       |       |       |     9 ||     9

Table legend: (Time is in decaauts)
 A = Elapsed time spent in this place.
 B = Non-inter-level travel time spent in this place.
 C = Inter-level travel time spent in this place.
 D = Time resting spent in this place.
 E = Time spent auto-exploring this place.
 F = Levels seen in this place.
 G = Mean time per level.
                   A        B        C        D        E       F      G
               +--------+--------+--------+--------+--------+-----+--------+
         Total |  23360 |  22697 |    663 |   7540 |  11252 |  20 | 1168.0 |
       Dungeon |  14258 |  13924 |    334 |   4737 |   6928 |  11 | 1296.2 |
          Lair |   5829 |   5611 |    218 |   1384 |   3276 |   5 | 1165.8 |
         Swamp |   2238 |   2128 |    110 |   1411 |    419 |   2 | 1119.0 |
       Ossuary |    605 |    605 |      0 |      0 |    493 |   1 |  605.0 |
      Gauntlet |    429 |    429 |      0 |      7 |    135 |   1 |  429.0 |
               +--------+--------+--------+--------+--------+-----+--------+

Top non-repeatable levels by time:
 Swamp:1: 2155 daAuts
     D:3: 2013 daAuts
     D:1: 1782 daAuts
  Lair:5: 1507 daAuts
  Lair:3: 1482 daAuts
     D:5: 1406 daAuts
     D:8: 1406 daAuts
    D:10: 1346 daAuts
     D:9: 1319 daAuts
  Lair:2: 1217 daAuts
     D:6: 1095 daAuts
     D:7: 1093 daAuts
     D:4: 1048 daAuts
  Lair:4: 968 daAuts
    D:11: 965 daAuts
